 Dungeon Crawl Stone Soup version 0.24-a0-535-gbb0d440 (webtiles) character file.

Game seed: 11889621891363558146

603 stupendous the Shield-Bearer (level 7, -1/55 HPs)
             Began as a Formicid Fighter on Aug 9, 2019.
             Slain by an ogre
             ... wielding a +0 giant club
              (21 damage)
             ... on level 7 of the Dungeon.
             The game lasted 00:04:37 (3394 turns).

stupendous the Shield-Bearer (Formicid Fighter)     Turns: 3394, Time: 00:04:38

Health: -1/55      AC:  9    Str: 20    XL:     7   Next: 70%
Magic:  7/7        EV:  8    Int:  8    God:
Gold:   141        SH: 11    Dex: 12    Spells: 6/6 levels left

rFire    . . .     SeeInvis +   a - +0 long sword
rCold    . . .     Gourm    .   c - +1 shield
rNeg     . . .     Faith    .   b - +0 scale mail
rPois    .         Spirit   .   (helmet unavailable)
rElec    .         Reflect  .   p - +1 cloak
rCorr    .         Harm     .   (no gloves)
MR       .....                  (no boots)
Stlth    ..........             m - amulet of the acrobat
HPRegen  0.18/turn              (no ring)
MPRegen  0.10/turn              (no ring)

@: lightly drained
A: permanent stasis, dig shafts and tunnels, four strong arms, antennae 3
a: Dig, Shaft Self


You were on level 7 of the Dungeon.
You were not hungry.

You visited 1 branch of the dungeon, and saw 5 of its levels.

You collected 141 gold pieces.

Inventory:

Hand Weapons
 a - a +0 long sword (weapon)
Armour
 b - a +0 scale mail (worn)
 c - a +1 shield (worn)
 p - a +1 cloak (worn)
Jewellery
 m - an amulet of the acrobat (around neck)
Scrolls
 e - 2 scrolls of enchant armour
 h - 3 scrolls of identify
 i - 4 scrolls of remove curse
 r - a scroll of torment {unknown}
Potions
 d - a potion of might
 g - 3 potions of brilliance {unknown}
 j - 3 potions of lignification
 k - a potion of flight {unknown}
 l - 2 potions of curing {unknown}
 n - a potion of mutation {unknown}
 o - a potion of berserk rage {unknown}
 q - a potion of invisibility {unknown}
Comestibles
 f - 6 rations


   Skills:
 - Level 4.3(4.2) Fighting
 + Level 5.1(5.0) Long Blades
 - Level 4.4(4.3) Armour
 + Level 6.8(6.6) Shields


You had 6 spell levels left.
You didn't know any spells.
Your spell library was empty.

Dungeon Overview and Level Annotations

Branches:
Dungeon (4/15)
 Temple: D:4-7

Altars:


Innate Abilities, Weirdness & Mutations

You cannot be hasted, slowed, berserked, paralysed or teleported.
You can dig through walls and to a lower floor.
Your four strong arms can wield two-handed weapons with a shield.
You have a pair of large antennae on your head. (SInv)


Message History

You hit the giant cockroach.
You kill the giant cockroach!
An iguana comes into view.
You hit the ogre but do no damage.
The ogre hits you with a +0 giant club!!
You slash the ogre!
The ogre is moderately wounded.
The ogre hits you with a +0 giant club!
You are too injured to fight recklessly!
You are too injured to fight recklessly!
You are too injured to fight recklessly!
You are too injured to fight recklessly!
You are too injured to fight recklessly!
You are too injured to fight recklessly!
You are too injured to fight recklessly!
You are too injured to fight recklessly!
You hit the ogre.
The ogre is heavily wounded.
The ogre hits you with a +0 giant club!!
You die...

## ##
#.###.# ###
#.#@###.....
#..#O......#
#.##l..<...#
#>##$.......
#.##........
#.##..(....#
#.##.......#
#.#........#
#....##..###


You could see an ogre and an iguana.

Vanquished Creatures
  Grinder (D:3)
  Sigmund (D:2)
  An ogre (D:7)
  Crazy Yiuf (D:3)
  An orc wizard (D:3)
  Robin (D:3)
  An adder (D:2)
  An adder zombie (D:7)
  A worm (D:3)
  3 dart slugs
  2 leopard geckos (D:1)
  4 orcs (D:3)
  2 giant cockroaches
  16 goblins
  11 hobgoblins
  2 jackals (D:2)
  3 quokkas
  6 bats
  5 frilled lizards
  9 kobolds
  5 rats
  2 fungi (D:3)
79 creatures vanquished.

Notes
Turn   | Place    | Note
-------+----------+-------------------------------------------
     0 | D:1      | stupendous the Formicid Fighter began the quest for the
                  | Orb.
     0 | D:1      | Reached XP level 1. HP: 18/18 MP: 1/1
    70 | D:1      | Reached XP level 2. HP: 24/24 MP: 2/2
   504 | D:1      | Reached skill level 4 in Shields
   504 | D:1      | Reached XP level 3. HP: 27/29 MP: 3/3
  1173 | D:2      | Noticed Sigmund
  1184 | D:2      | Killed Sigmund
  1184 | D:2      | Reached XP level 4. HP: 18/38 MP: 4/4
  1184 | D:2      | Reached XP level 5. HP: 20/43 MP: 5/5
  1282 | D:2      | Reached XP level 6. HP: 39/49 MP: 6/6
  1454 | D:2      | Reached skill level 5 in Shields
  1967 | D:3      | Noticed Robin
  1981 | D:3      | Noticed Grinder
  2014 | D:3      | Killed Robin
  2036 | D:3      | Killed Grinder
  2036 | D:3      | Reached skill level 6 in Shields
  2036 | D:3      | Reached XP level 7. HP: 8/55 MP: 7/7
  2630 | D:3      | Found a runed translucent door.
  2631 | D:3      | Noticed Crazy Yiuf
  2660 | D:3      | Killed Crazy Yiuf
  3166 | D:4      | You fall into a shaft and drop 3 floors!
  3248 | D:7      | Reached skill level 5 in Long Blades
  3394 | D:7      | Slain by an ogre

Levels and vault maps discovered:
D:1:      onia_arrival_mini_maze, layout_basic
D:2:      layout_basic, serial_forest, infiniplex_forest_clump_curved,
          infiniplex_forest_zigzag_1, infiniplex_forest_clump_long,
          infiniplex_forest_end_double, infiniplex_forest_straight_4,
          uniq_sigmund
D:3:      layout_loops_ring, uniq_crazy_yiuf_cottage, uniq_robin, uniq_grinder
D:4:      cheibrodos_helix_gallery, layout_layer_cave
D:7:      layout_loops_ring, minmay_temple_entry_statues_fountains, uniq_pikel

Skill      XL: |  1  2  3  4  5  6  7 |
---------------+----------------------+-----
Shields        | 4 6 |  6.8
Fighting       | 4 |  4.3
Long Blades    | 3 4 5 |  5.1
Armour         | 4 |  4.4

Action                   |  1- 3 |  4- 6 |  7- 9 || total
-------------------------+-------+-------+-------++-------
Melee: Long sword        |    87 |   112 |   111 ||   310
 Abil: Dig               |       |     3 |       ||     3
  Use: Scroll            |     4 |       |     3 ||     7
  Eat: Chunk             |     1 |     3 |     1 ||     5
       Ration            |       |       |     1 ||     1
Armor: Scale mail        |    31 |    38 |    15 ||    84
Dodge: Dodged            |    25 |    38 |    25 ||    88
Block: Shield            |    34 |    70 |    46 ||   150
       Rpst.: Long sword |    11 |    15 |     9 ||    35

Table legend:
 A = Non-vault XP
 B = Vault XP
 C = Vault XP percentage of total XP
 D = Non-vault monster count
 E = Vault monster count
 F = Vault count percentage of total count
                 A         B        C        D         E       F
            +---------+---------+-------+---------+---------+-------
      Total |     293 |     569 |  66.0 |      62 |      15 |  19.5
            +---------+---------+-------+---------+---------+-------
        D:1 |      38 |       1 |   2.6 |      20 |       1 |   4.8
        D:2 |      51 |     212 |  80.6 |      21 |       1 |   4.5
        D:3 |      76 |     356 |  82.4 |      18 |      13 |  41.9
        D:7 |     128 |       0 |   0.0 |       3 |       0 |   0.0
            +---------+---------+-------+---------+---------+-------
